 Dungeon Sprint DCSS version 0.29.1-15-g9cfb28693d (webtiles) character file.

Game seed: 12944830737225984601

7 Groucho the Ducker (level 1, -1/11 HPs)
             Began as a Spriggan Fighter on Mar 18, 2023.
             Slain by an iguana (8 damage)
             ... in the Dungeon (Sprint IX: "|||||||||||||||||||||||||||||").
             The game lasted 00:00:21 (444 turns).

Groucho the Ducker (Spriggan Fighter)                Turns: 444, Time: 00:00:22

Health: -1/11      AC:  2    Str: 12    XL:     1   Next: 91%
Magic:  3/3        EV: 17    Int:  9    God:
Gold:   0          SH:  6    Dex: 14    Spells: 0/0 levels left

rFire   . . .      SeeInvis +   a - +0 rapier
rCold   . . .      Faith    .   c - +0 buckler
rNeg    . . .      Spirit   .   b - +0 robe
rPois   .          Reflect  .   (helmet restricted)
rElec   .          Harm     .   (no cloak)
rCorr   .          Rampage  .   (gloves unavailable)
Will    .....      NoTele   +   (boots unavailable)
Stlth   ++........              (no amulet)
HPRegen 0.03/turn               (no ring)
MPRegen 0.08/turn               (no ring)

@: very quick
A: very small, no large weapons, unfitting armour, see invisible, speed 3
a: no special abilities


You were in the Dungeon.
You visited 1 branch

Inventory:

Hand Weapons
 a - a +0 rapier (weapon)
Armour
 b - a +0 robe (worn)
 c - a +0 buckler (worn)
Scrolls
 j - a scroll of blinking
Potions
 d - a potion of might
 e - a potion of curing
 f - a potion of heal wounds
 g - a potion of haste
 h - 2 potions of magic
 i - a potion of berserk rage


   Skills:
 + Level 2.6 Fighting
 + Level 2.6 Short Blades
 + Level 4.4 Dodging
 * Level 2.7 Stealth
 + Level 2.4 Shields
 * Level 1.6 Invocations


You couldn't memorise any spells.
You didn't know any spells.
Your spell library was empty.

Dungeon Overview and Level Annotations

Branches:
Dungeon (1/1)

Altars:


Innate Abilities, Weirdness & Mutations

You are very small and have problems with some larger weapons.
You are too small for most types of armour.
You have supernaturally acute eyesight. (SInv)
You cover ground extremely quickly. (Speed+++)


Message History

Unknown command.
You hit the endoplasm.
You kill the endoplasm!
You start resting.
Magic restored.
You start resting.
You start resting.
You start resting.
HP restored.
You start waiting.
Done waiting.
You start waiting.
Done waiting.
You open the door.
An iguana, a shadow imp, 2 orcs and a gnoll sergeant come into view.
The shadow imp shouts, "Give up, thou droning limp-willed weakling!"
The iguana hisses angrily.
The orc shouts!
The gnoll sergeant shouts!
You hit the iguana.
The iguana is lightly wounded.
The iguana bites you but does no damage.
You hit the iguana.
The iguana is moderately wounded.
You block the iguana's attack.
You hit the iguana.
The iguana is heavily wounded.
You block the iguana's attack.
You hit the iguana but do no damage.
The iguana is heavily wounded.
The iguana barely misses you.
You puncture the iguana!
The iguana is almost dead.
The iguana closely misses you. The iguana bites you.
You closely miss the iguana.
The iguana is severely wounded.
The iguana barely misses you.
You hit the iguana but do no damage.
The iguana is severely wounded.
The iguana bites you!
Ouch! That really hurt!
You die...

▓.▓
▓.▓
▓.▓
▓)▓
▓.▓
▓.▓
▓.▓
▓.▓
▓@▓
▓l▓
▓5▓
▓o▓
▓o▓
▓g▓
▓.▓
▓+▓


You could see a gnoll sergeant, an iguana, a shadow imp and 2 orcs.

Vanquished Creatures
  A dart slug (D)
  An endoplasm (D)
  A giant cockroach (D)
  A goblin (D)
  A ball python (D)
5 creatures vanquished.

Notes
Turn   | Place    | Note
-------+----------+-------------------------------------------
     0 | D        | Groucho the Spriggan Fighter began the quest for the Orb.
     0 | D        | Reached XP level 1. HP: 11/11 MP: 2/2
    10 | D        | Reached skill level 1 in Stealth
    18 | D        | Reached skill level 1 in Invocations
   437 | D        | Noticed an iguana
   437 | D        | Noticed a gnoll sergeant
   444 | D        | Slain by an iguana

Illustrated notes

Levels and vault maps discovered:
D:        linesprint [early_d, line_temple, items_1, d_10, items_2, lair_1,
          lair_end, items_3, orc_1, orc_end, items_4, d_15, swamp_1, shoals_1,
          snake_1, spider_1, d_20, vaults_1, items_5, swamp_end, shoals_end,
          snake_end, spider_end, vaults_end, d_27, items_6, zot_1, zot_end,
          crypt_end, forest_end, elf_end, slime_end, tomb_end, abyss_end,
          pan_hell_end]

Skill      XL: |  1 |
---------------+----+-----
Stealth        | 2 |  2.7
Invocations    | 1 |  1.6
Fighting       | |  2.6
Short Blades   | |  2.6
Dodging        | |  4.4
Shields        | |  2.4

Action                   || total
-------------------------++-------
Melee: Rapier            ||    27
Armor: Robe              ||     5
Dodge: Dodged            ||    13
Block: Buckler           ||     7
